 Dungeon Crawl Stone Soup version 0.29-a0-340-g6efceafd81 (webtiles) character file.

Game seed: 12718251059301876260

1874 HendSelp the Spear-Bearer (level 9, -23/93 HPs)
             Began as an Octopode Fighter on Apr 19, 2022.
             Killed from afar by Maggie (32 damage)
             ... with a bolt of acid
             ... on level 6 of the Dungeon.
             The game lasted 00:08:17 (6105 turns).

HendSelp the Spear-Bearer (Octopode Fighter)        Turns: 6105, Time: 00:08:18

Health: -23/93     AC: 28    Str: 19    XL:     9   Next: 14%
Magic:  7/9        EV:  2    Int: 10    God:
Gold:   250        SH:  7    Dex: 12    Spells: 8/8 levels left

rFire   . . .      SeeInvis .   a - +2 trident
rCold   . . .      Faith    .   b - +2 buckler
rNeg    . . .      Spirit   .   (helmet currently unavailable)
rPois   +          Reflect  .   (no amulet)
rElec   .          Harm     .   g - +4 ring of protection
rCorr   .          Rampage  .   (no ring)
Will    .....      NoTele   +   (no ring)
Stlth   +.........              (no ring)
HPRegen 0.25/turn               (no ring)
MPRegen 0.11/turn               (no ring)
                                (no ring)
                                (no ring)

@: tree-form, mesmerised
A: stationary, stasis, torment immunity, boosted hp, almost no armour,
(amphibious), 8 rings, (camouflage 1), (gelatinous body 1), (nimble swimmer 1),
(tentacles)
a: no special abilities


You were on level 6 of the Dungeon.
You were a tree.
You visited 1 branch of the dungeon, and saw 6 of its levels.

You collected 250 gold pieces.

Inventory:

Hand Weapons
 a - a +2 trident (weapon)
Armour
 b - a +2 buckler (worn)
Jewellery
 g - a +4 ring of protection (left branch)
Wands
 n - a wand of digging (4)
 s - a wand of mindburst (12)
Potions
 d - a potion of resistance {unknown}
 e - 2 potions of flight
 h - a potion of lignification
 i - a potion of berserk rage {unknown}
 j - a potion of magic {unknown}
 l - a potion of curing {unknown}
 o - a potion of mutation {unknown}
 p - a potion of attraction {unknown}


   Skills:
 * Level 6.1 Fighting
 * Level 10.0 Polearms
 - Level 3.0 Dodging
 + Level 4.1 Shields


You had 8 spell levels left.
You didn't know any spells.
Your spell library contained the following spells:

 Spells                   Type           Power      Damage    Failure   Level
 Stone Arrow              Conj/Erth      0%         3d7       82%         3
 Lehudib's Crystal Spear  Conj/Erth      0%         10d2      100%        8
 Animate Armour           Summ/Erth      Unusable   N/A       N/A         4

Dungeon Overview and Level Annotations

Branches:
Dungeon (6/15)
 Temple: D:4-7

Altars:
Cheibriados
Okawaru
Qazlal
Ru
Uskayaw
Vehumet
Xom
Zin

Shops:
D:1 =   D:2 !

Annotations:
D:6 Maggie


Innate Abilities, Weirdness & Mutations

You are a tree.
Your roots penetrate the ground, keeping you stationary.
You cannot be teleported.
You are immune to unholy pain and torment.
Your maximum health is greatly increased.
You cannot wear most types of armour.
((You are amphibious.))
You can wear up to eight rings at the same time.
((Your skin changes colour to match your surroundings (Stealth+).))
((Your rubbery body absorbs attacks. (AC +1, EV +1)))
((You are camouflaged when in or above water. (Stealth+)))
((You have tentacles for arms and can constrict up to eight enemies at once.))


Message History

Press: ? - help, Shift-Dir - straight line, f/p - Maggie
Aim: Maggie, wielding a +0 antimagic halberd, wearing +0 steam dragon scales and carrying a wand of acid (7) (mesmerising)
The mass of ice explodes!
The iceblast engulfs Maggie.
Maggie is lightly wounded.
Unknown command.
Unknown command.
Unknown command.
Aiming: Iceblast
Press: ? - help, Shift-Dir - straight line, f/p - Maggie
Aim: Maggie, wielding a +0 antimagic halberd, wearing +0 steam dragon scales and carrying a wand of acid (7) (lightly wounded, mesmerising)
The mass of ice explodes!
The iceblast engulfs Maggie!
Maggie is moderately wounded.
Aiming: Iceblast
Press: ? - help, Shift-Dir - straight line, f/p - Maggie
Aim: Maggie, wielding a +0 antimagic halberd, wearing +0 steam dragon scales and carrying a wand of acid (7) (moderately wounded, mesmerising)
The mass of ice explodes!
The iceblast engulfs Maggie!
Maggie is heavily wounded.
The now-empty wand crumbles to dust.
You block Maggie's attack.
You are too injured to fight recklessly!
Unknown command.
You are too injured to fight recklessly!
Unknown command.
You are too injured to fight recklessly!
Unknown command.
You are too injured to fight recklessly!
Maggie points at you and mumbles some strange words.
The bolt of fire hits you!!
* * * LOW HITPOINT WARNING * * *
You block Maggie's attack.
It was a potion of lignification.
You turn into a tree.
Your roots penetrate the ground.
Maggie hits you with a +0 antimagic halberd.
* * * LOW HITPOINT WARNING * * *
You feel your power leaking away.
Unknown command.
Unknown command.
You puncture Maggie!
Maggie is severely wounded.
Maggie zaps a wand.
The bolt of acid hits you!!
You die...

#.# ).. #.##.. .. ####
#.#.. ... .#
#...##...#....
...#...##...#....
...#...........
.......#...# #...#..@#
#......♣## ##(..)#...#
..#######....÷#.#.#
......#.....<##.#.# .
...##...##...##.#.###..
......[....####.#(....
.......##### #.#..#
....../.gF.####....#
#..####.g../.†)..#.#


You could see Maggie (mesmerising).

Vanquished Creatures
  Pikel (D:6)
  Sigmund (D:4)
  Eustachio (D:5)
  An orc warrior (D:4)
  A sky beast (D:6)
  An ogre (D:4)
  A bullfrog (D:6)
  A gnoll sergeant (D:6)
  A scorpion (D:5)
  A howler monkey (D:5)
  A crimson imp (D:6)
  A hound (D:5)
  2 jellies (D:5)
  An orc priest (D:4)
  4 iguanas
  Natasha (thrice) (D:4)
  An orc wizard (D:3)
  Ijyb (D:3)
  Terence (D:2)
  Robin (D:2)
  6 gnolls
  8 adders
  An ufetubus (D:4)
  A worm (D:2)
  A dart slug (D:4)
  9 orcs
  4 bats (D:2)
  13 endoplasms
  3 giant cockroaches
  16 goblins
  11 hobgoblins
  6 jackals
  2 quokkas
  3 ball pythons
  2 frilled lizards
  11 kobolds
  2 rats
125 creatures vanquished.

Vanquished Creatures (others)
  An adder (D:4)
1 creature vanquished.

Grand Total: 126 creatures vanquished

Notes
Turn   | Place    | Note
-------+----------+-------------------------------------------
     0 | D:1      | HendSelp the Octopode Fighter began the quest for the Orb.
     0 | D:1      | Reached XP level 1. HP: 16/16 MP: 1/1
    69 | D:1      | Found Wiuh's Jewellery Shop.
   138 | D:1      | Reached XP level 2. HP: 18/21 MP: 2/2
   312 | D:1      | Found a faded altar of an unknown god.
   664 | D:2      | Reached XP level 3. HP: 24/26 MP: 3/3
   808 | D:2      | Found Impuecho's Distillery.
   864 | D:2      | Reached skill level 3 in Polearms
   883 | D:2      | Reached XP level 4. HP: 33/33 MP: 4/4
   944 | D:2      | Noticed Terence
   953 | D:2      | Killed Terence
  1042 | D:2      | Noticed Robin
  1709 | D:2      | Killed Robin
  1859 | D:2      | Reached skill level 4 in Polearms
  1859 | D:2      | Reached XP level 5. HP: 24/37 MP: 5/5
  2107 | D:3      | Found a radiant altar of Vehumet.
  2108 | D:3      | Found a snail-covered altar of Cheibriados.
  2204 | D:3      | Noticed Ijyb
  2206 | D:3      | Paralysed by Ijyb for 4 turns
  2211 | D:3      | Paralysed by Ijyb for 7 turns
  2218 | D:3      | Killed Ijyb
  2355 | D:3      | Found a stormy altar of Qazlal.
  2423 | D:3      | Reached XP level 6. HP: 43/43 MP: 6/6
  2890 | D:4      | Reached skill level 5 in Polearms
  3004 | D:4      | Noticed Natasha
  3014 | D:4      | Killed Natasha
  3418 | D:4      | Noticed an orc warrior
  3441 | D:4      | Killed an orc warrior
  3634 | D:4      | Noticed Sigmund
  3641 | D:4      | Noticed Natasha
  3643 | D:4      | Reached skill level 6 in Polearms
  3643 | D:4      | Reached XP level 7. HP: 26/49 MP: 7/7
  3645 | D:4      | Killed Natasha
  3648 | D:4      | Killed Sigmund
  3649 | D:4      | Noticed Natasha
  3658 | D:4      | Killed Natasha
  4025 | D:4      | Reached skill level 7 in Polearms
  4252 | D:4      | Noticed Edmund
  4257 | D:4      | Noticed Edmund
  4257 | D:4      | Edmund changed into Edmund the goblin
  4260 | D:4      | Killed Edmund the goblin
  4384 | D:4      | Reached skill level 5 in Fighting
  4504 | D:5      | Entered Level 5 of the Dungeon
  4571 | D:5      | Reached XP level 8. HP: 55/55 MP: 8/8
  4640 | D:5      | Found a glowing silver altar of Zin.
  4640 | D:5      | Found a hide-covered altar of Uskayaw.
  4715 | D:5      | Found a hazy altar of Hepliaklqana.
  4717 | D:5      | Found a shimmering altar of Xom.
  4717 | D:5      | Found a sacrificial altar of Ru.
  4719 | D:5      | Found a radiant altar of Vehumet.
  4719 | D:5      | Found a stormy altar of Qazlal.
  4719 | D:5      | Found an iron altar of Okawaru.
  5004 | D:5      | Noticed Eustachio
  5009 | D:5      | Killed Eustachio
  5010 | D:5      | Reached skill level 8 in Polearms
  5262 | D:5      | Found a runed translucent door.
  5263 | D:5      | Noticed Crazy Yiuf
  5425 | D:5      | Noticed Crazy Yiuf
  5425 | D:5      | Crazy Yiuf changed into Crazy Yiuf the iguana
  5428 | D:5      | Killed Crazy Yiuf the iguana
  5610 | D:6      | Noticed Grinder
  5612 | D:6      | Noticed Grinder
  5612 | D:6      | Grinder changed into Grinder the crimson imp
  5629 | D:6      | Killed Grinder the crimson imp
  5636 | D:6      | Reached skill level 9 in Polearms
  6079 | D:6      | Noticed Pikel
  6093 | D:6      | Killed Pikel
  6094 | D:6      | Reached skill level 10 in Polearms
  6094 | D:6      | Reached XP level 9. HP: 42/62 MP: 9/9
  6096 | D:6      | Noticed Maggie
  6105 | D:6      | Killed from afar by Maggie

Illustrated notes

Levels and vault maps discovered:
D:1:      amcnicky_arrival_abandoned_market, layout_rooms,
          dreamdust_ecumenical_altar_angels_and_demons, serial_shops,
          nicolae_shop_statue_plus
D:2:      layout_rooms, serial_shops, nicolae_shop_stone, uniq_robin,
          uniq_terence
D:3:      layout_basic, gammafunk_temple_overflow_forgotten,
          chequers_serial_rivers_large_b, uniq_ijyb
D:4:      cheibrodos_helix_gallery, layout_rooms, kennysheep_decorative_pillar,
          roderic_filled_cross, minmay_bent, uniq_sigmund, uniq_edmund,
          uniq_natasha
D:5:      layout_basic, doesnt_xom_only_xom, gammafunk_temple_overflow_wave,
          uniq_eustachio, uniq_crazy_yiuf_cottage
D:6:      layout_rooms, uniq_grinder, uniq_maggie, uniq_pikel

Skill      XL: |  1  2  3  4  5  6  7  8 |
---------------+-------------------------+-----
Polearms       | 3 4 6 7 10 | 10.0
Fighting       | 4 5 6 |  6.1
Shields        | 4 |  4.1
Dodging        | |  3.0

Action                   |  1- 3 |  4- 6 |  7- 9 || total
-------------------------+-------+-------+-------++-------
Melee: Trident           |    65 |   144 |   109 ||   318
       Constrict         |    18 |    32 |    15 ||    65
       Tentacles         |    13 |    23 |    20 ||    56
       Punch             |     1 |     1 |     3 ||     5
Evoke: Wand              |       |     4 |    10 ||    14
  Use: Scroll            |     2 |     4 |     7 ||    13
       Potion            |       |     1 |     6 ||     7
 Stab: Sleeping          |     5 |     9 |       ||    14
       Paralysed         |       |    10 |       ||    10
Armor: Skin              |    10 |    42 |    51 ||   103
Dodge: Dodged            |    28 |    91 |    45 ||   164
Block: Buckler           |     8 |    25 |    30 ||    63

Table legend: (Time is in decaauts)
 A = Elapsed time spent in this place.
 B = Non-inter-level travel time spent in this place.
 C = Inter-level travel time spent in this place.
 D = Time resting spent in this place.
 E = Time spent auto-exploring this place.
 F = Levels seen in this place.
 G = Mean time per level.
                   A        B        C        D        E       F      G
               +--------+--------+--------+--------+--------+-----+--------+
         Total |   6124 |   5993 |    131 |   1466 |   3654 |   6 | 1020.7 |
       Dungeon |   6124 |   5993 |    131 |   1466 |   3654 |   6 | 1020.7 |
               +--------+--------+--------+--------+--------+-----+--------+

Top non-repeatable levels by time:
     D:5: 1506 daAuts
     D:4: 1339 daAuts
     D:1: 1296 daAuts
     D:3: 1114 daAuts
     D:2: 775 daAuts
     D:6: 91 daAuts
